AoeStats
← Grey

Arabia

504213682Analyzed
1v1 RM · 29d ago on Sep 4, 2026· 42m 12s· 2 players
Game mode
Random Map
Map size
Tiny (2 player)
Population
200
Speed
Normal
Resources
Standard
Victory
Conquest
Starting age
Dark Age
Ending age
Imperial Age
RankedLock teamsTeams togetherTeam positionsShared explorationLock speedFull tech treeHidden civsTurbo modeCheats
Victory
Defeat
🇺🇸 Bengalis · United States
854
+29
🇺🇸 Mongols · United States
861
-16
Grey
2:19 Loom
2:30 Loom
11:08 Feudal Age
17:38 Wheelbarrow
18:16 Double-Bit Axe
19:14 Horse Collar
19:59 Town Watch
20:47 Bloodlines
23:31 Gold Mining
28:05 Castle Age
27:15 Scale Barding Armor
27:11 Scale Mail Armor
29:01 Chain Mail Armor
28:57 Forging
28:11 Pikeman
28:56 Squires
29:32 Husbandry
30:23 Chain Barding Armor
30:57 Bow Saw
32:26 Hand Cart
32:50 Iron Casting
33:27 Fletching
34:42 Gold Shaft Mining
yzzgeorge
4:48 Loom
9:20 Feudal Age
10:11 Double-Bit Axe
21:31 Castle Age
21:56 Stone Mining
25:56 Horse Collar
26:30 Bow Saw
27:09 Gold Mining
34:14 Imperial Age
32:34 Fletching
33:16 Bloodlines
34:40 Ballistics
37:32 Bodkin Arrow
Connection lost

Rejoining the realm…

Still unreachable

The connection could not be restored.

Session expired

The server has moved on; the page needs a fresh start.